 Dungeon Crawl Stone Soup version 0.24.0-1-gfbc8707 (webtiles) character file.

Game seed: 9839735353976950557, levelgen mode: deterministic

7618 Fang the Fighter (level 11, -13/111 HPs)
             Began as a Gargoyle Berserker on Oct 31, 2019.
             Was a High Priest of Trog.
             Mangled by an earth elemental (17 damage)
             ... on level 11 of the Dungeon.
             The game lasted 00:14:20 (9806 turns).

Fang the Fighter (Gargoyle Berserker)               Turns: 9806, Time: 00:14:21

Health: -13/111    AC: 24    Str: 28    XL:     11   Next: 18%
Magic:  11/11      EV: 10    Int:  9    God:    Trog [*****.]
Gold:   701        SH:  0    Dex:  9    Spells: 10/10 levels left

rFire    . . .     SeeInvis .   a - +4 war axe
rCold    + . .     Gourm    .   (no shield)
rNeg     + . .     Faith    .   b - +3 plate armour
rPois    ∞         Spirit   .   (no helmet)
rElec    +         Reflect  .   A - scarf {cloud immunity}
rCorr    .         Harm     .   (no gloves)
MR       +....                  (no boots)
Stlth    ..........             C - amulet of rage
HPRegen  0.28/turn              n - ring of protection from cold
MPRegen  0.12/turn              i - ring of protection from magic

@: berserking, very quick
A: negative energy resistance 1, electricity resistance, unbreathing,
petrification resistance, rot immunity, AC +8
a: Berserk, Trog's Hand, Brothers in Arms, Renounce Religion, Evoke Berserk Rage


You were on level 11 of the Dungeon.
You worshipped Trog.
Trog was extremely pleased with you.
You were very hungry.

You visited 2 branches of the dungeon, and saw 12 of its levels.
You also visited: Sewer.

You collected 701 gold pieces.

Inventory:

Hand Weapons
 a - a +4 war axe (weapon)
 r - a +1 hand axe of flaming
Armour
 b - a +3 plate armour (worn)
 A - a scarf of cloud immunity (worn)
Jewellery
 i - a ring of protection from magic (right hand)
 n - a ring of protection from cold (left hand)
 z - an uncursed ring of stealth
 C - an amulet of rage (around neck)
Wands
 B - a wand of acid (10)
Scrolls
 f - 9 scrolls of remove curse
 k - 3 scrolls of blinking
 p - 4 scrolls of fear
 s - 8 scrolls of teleportation
Potions
 d - a potion of agility
 g - 2 potions of berserk rage
 l - 4 potions of might
 o - 3 potions of ambrosia
 q - a potion of magic
 t - a potion of curing
 v - 2 potions of heal wounds
 w - a potion of invisibility {unknown}
 x - 5 potions of flight
Comestibles
 c - 19 rations
 h - 7 chunks of flesh


   Skills:
 * Level 11.1 Fighting
 * Level 9.5 Axes
 + Level 7.9 Armour
 + Level 5.9 Dodging


You had 10 spell levels left.
You didn't know any spells.
Your spell library was empty.

Dungeon Overview and Level Annotations

Branches:
Dungeon (11/15)            Temple (1/1) D:6            Lair (0/6) D:8
  Sewer (visited)
    Orc: D:9-12

Altars:
Cheibriados
Dithmenos
Gozag
Kikubaaqudgha
Makhleb
Nemelex Xobeh
Okawaru
Qazlal
Ru
Sif Muna
Uskayaw
Vehumet
The Shining One

Shops:
D:4 }   D:6 !   D:9 *


Innate Abilities, Weirdness & Mutations

You are resistant to torment.
Your stone body is resilient. (AC +8)
You are immune to poison.
You resist negative energy. (rN+)
You are resistant to electric shocks. (rElec)
You can survive without breathing.
You are immune to petrification.
You are immune to rotting.


Message History

You feel yourself moving faster!
You feel mighty!
You are feeling very hungry.
The earth elemental barely misses you. x2
The earth elemental closely misses you.
You hit the earth elemental but do no damage.
The earth elemental is moderately damaged.
You slash the earth elemental!
You hit the earth elemental but do no damage.
You slash the earth elemental! You barely miss the earth elemental.
The earth elemental is moderately damaged.
You hit the earth elemental but do no damage. x2
You hit the earth elemental. The earth elemental hits you!!
* * * LOW HITPOINT WARNING * * *
You slice the earth elemental!!
The earth elemental is almost destroyed.
You slash the earth elemental! x2
You hit the earth elemental but do no damage.
The earth elemental closely misses you. x2; The earth elemental hits you!
You die...

##########
#<......<#
#........#
#..@E....#
#.EEE?...#
#...??...#
#........#
#........#
#>......>#
##########


You could see 4 earth elementals.

Vanquished Creatures
  A two-headed ogre (D:8)
  A troll (D:9)
  Prince Ribbit (D:8)
  A spriggan (D:7)
  2 yaks (D:8)
  3 hungry ghosts
  4 porcupines
  Duvessa (D:5)
  A black bear (D:8)
  3 ice beasts
  4 sky beasts
  2 phantoms
  3 orc warriors
  A centaur (D:8)
  9 ogres
  A crocodile (D:10)
  6 bullfrogs
  A gnoll sergeant (D:8)
  Dowan (D:5)
  A water moccasin skeleton (D:4)
  15 killer bees
  4 wights (D:7)
  A howler monkey (D:9)
  5 crimson imps
  5 hounds
  8 orc priests
  A jelly (D:10)
  A quasit (D:8)
  13 orc wizards
  2 centaur skeletons (D:9)
  2 iguanas
  Natasha (D:4)
  4 worker ants
  A merfolk siren (Sewer)
  A merfolk avatar (Sewer)
  A killer bee zombie (D:9)
  2 hound skeletons
  3 worker ant zombies
  9 gnolls
  10 adders
  3 river rats (Sewer)
  An ooze (D:3)
  An adder zombie (D:7)
  2 adder skeletons
  3 worms
  10 leopard geckos
  43 orcs
  9 ball pythons
  5 giant cockroaches
  9 goblins
  6 hobgoblins
  14 jackals
  6 quokkas
  8 bats
  13 frilled lizards
  A jackal skeleton (D:4)
  6 kobolds
  A leopard gecko zombie (D:4)
  31 rats
  A fungus (D:8)
309 creatures vanquished.

Vanquished Creatures (others)
  31 fungi (D:8)
  15 plants (D:8)
46 creatures vanquished.

Grand Total: 355 creatures vanquished

Notes
Turn   | Place    | Note
-------+----------+-------------------------------------------
     0 | D:1      | Fang the Gargoyle Berserker began the quest for the Orb.
     0 | D:1      | Reached XP level 1. HP: 14/14 MP: 1/1
   393 | D:1      | Reached XP level 2. HP: 19/19 MP: 2/2
   595 | D:1      | Reached XP level 3. HP: 23/24 MP: 3/3
  1089 | D:2      | Reached ** piety under Trog
  1187 | D:2      | Reached skill level 4 in Fighting
  1223 | D:2      | Reached XP level 4. HP: 15/29 MP: 4/4
  1414 | D:2      | Found a sparkling altar of Nemelex Xobeh.
  1683 | D:2      | Found a burning altar of Makhleb.
  1990 | D:3      | Reached XP level 5. HP: 34/34 MP: 5/5
  2329 | D:3      | Found a faded altar of an unknown god.
  2571 | D:4      | Found a stormy altar of Qazlal.
  2619 | D:4      | Reached *** piety under Trog
  2622 | D:4      | Reached XP level 6. HP: 38/40 MP: 6/6
  2630 | D:4      | Found a glowing drain.
  2644 | Sewer    | Entered a sewer
  2709 | Sewer    | Reached skill level 5 in Fighting
  3310 | D:4      | Reached **** piety under Trog
  3311 | D:4      | Found a shadowy altar of Dithmenos.
  3424 | D:4      | Reached XP level 7. HP: 32/45 MP: 7/7
  3485 | D:4      | Reached skill level 6 in Fighting
  3560 | D:4      | Reached skill level 5 in Axes
  3583 | D:4      | Noticed Natasha
  3595 | D:4      | Killed Natasha
  3884 | D:4      | Found an iron altar of Okawaru.
  4140 | D:4      | Found Zoyrynal's Gadget Emporium.
  4255 | D:5      | Entered Level 5 of the Dungeon
  4416 | D:5      | Reached XP level 8. HP: 46/52 MP: 8/8
  4418 | D:5      | Found an iron altar of Okawaru.
  4443 | D:5      | Found an ancient bone altar of Kikubaaqudgha.
  4485 | D:5      | Noticed Duvessa
  4492 | D:5      | Noticed Dowan
  4496 | D:5      | Killed Duvessa
  4507 | D:5      | Killed Dowan
  4594 | D:5      | Found a shimmering blue altar of Sif Muna.
  4596 | D:5      | Found a radiant altar of Vehumet.
  4829 | D:6      | Reached skill level 7 in Fighting
  4905 | D:6      | Reached skill level 5 in Armour
  4934 | D:6      | Found a staircase to the Ecumenical Temple.
  5217 | Temple   | Entered the Ecumenical Temple
  5584 | D:6      | Found Gihotoag's Distillery.
  5919 | D:7      | Reached XP level 9. HP: 59/59 MP: 9/9
  5970 | D:7      | Reached skill level 8 in Fighting
  6280 | D:7      | Reached ***** piety under Trog
  6330 | D:7      | Found a sparkling altar of Nemelex Xobeh.
  7201 | D:8      | Paralysed by fainting for 12 turns
  7234 | D:8      | Found a sacrificial altar of Ru.
  7343 | D:8      | Reached skill level 9 in Fighting
  7367 | D:8      | Reached XP level 10. HP: 49/66 MP: 10/10
  7609 | D:8      | Reached skill level 5 in Dodging
  7998 | D:8      | Found a staircase to the Lair.
  8006 | D:8      | Reached skill level 10 in Fighting
  8114 | D:8      | Found a snail-covered altar of Cheibriados.
  8137 | D:8      | Found a hide-covered altar of Uskayaw.
  8138 | D:8      | Found an opulent altar of Gozag.
  8139 | D:8      | Noticed a two-headed ogre
  8149 | D:8      | Killed a two-headed ogre
  8292 | D:8      | Noticed Prince Ribbit
  8301 | D:8      | Killed Prince Ribbit
  8301 | D:8      | Received a gift from Trog
  8885 | D:9      | Reached XP level 11. HP: 63/73 MP: 11/11
  9032 | D:9      | Reached skill level 11 in Fighting
  9058 | D:9      | Found Wuer's Assorted Antiques.
  9249 | D:9      | Found a glowing golden altar of the Shining One.
  9315 | D:10     | Entered Level 10 of the Dungeon
  9805 | D:11     | HP: 4/111 [earth elemental (25)]
  9806 | D:11     | Mangled by an earth elemental

Levels and vault maps discovered:
D:1:      sevenhm_arrival_forest_fort_large_1, layout_loops_ring
D:2:      layout_basic, makhleb_heckhound_becter, old_standard_altar
D:3:      layout_basic, first_ration, chequers_ecumenical_altar_island
D:4:      layout_cave_pods, grunt_qazlal_clouds, old_standard_altar,
          cheibrodos_sewer_entry_drain, serial_shops, shop_fountains,
          minmay_ruined_shrine, uniq_natasha
D:5:      layout_cave_pools, grunt_temple_overflow_magic_moments,
          okawaru_gym_becter, uniq_duvessa
D:6:      layout_basic, minmay_temple_entry_slanted, serial_shops, shop
D:7:      layout_loops_ring, basic_altar, the_bakery
D:8:      layout_loops_cross, grunt_temple_overflow_open,
          due_lair_maze_entry_diamond, nicolae_ru_path_of_blood,
          uniq_prince_ribbit1
D:9:      layout_loops_ring, overflow_temple_1_default, serial_shops,
          nicolae_shop_overgrown_old_shop
D:10:     layout_cave_pools
D:11:     minmay_stone_box, layout_long_grid, minmay_misc_feat_rugged
Temple:   minmay_temple_curvy_loop

Skill      XL: |  1  2  3  4  5  6  7  8  9 10 11 |
---------------+----------------------------------+-----
Axes           | 3 4 5 6 7 9 |  9.5
Fighting       | 4 5 6 7 9 10 11 | 11.1
Dodging        | 2 3 4 5 |  5.9
Armour         | 3 4 5 6 7 |  7.9

Action                   |  1- 3 |  4- 6 |  7- 9 | 10-12 || total
-------------------------+-------+-------+-------+-------++-------
Melee: Hand axe          |   179 |   113 |       |       ||   292
       War axe           |       |   224 |   478 |   289 ||   991
Invok: Berserk           |       |     2 |     5 |     6 ||    13
       Trog's Hand       |       |       |       |     1 ||     1
  Use: Scroll            |       |       |    22 |     3 ||    25
       Potion            |       |       |       |     1 ||     1
  Eat: Chunk             |     1 |     9 |    13 |    14 ||    37
       Ration            |       |       |     5 |     1 ||     6
Armor: Animal skin       |    22 |       |       |       ||    22
       Chain mail        |   104 |   206 |   301 |       ||   611
       Plate armour      |       |       |   124 |   310 ||   434
Dodge: Dodged            |    89 |   115 |   246 |   176 ||   626
